 Dungeon Crawl Stone Soup version 0.22.1-5-g62c59d9 (webtiles) character file.

119 Tr0llz0r the Chopper (level 4, -4/33 HPs)
             Began as a Demonspawn Gladiator on Jan 7, 2019.
             Slain by Sigmund
             ... wielding a +0 scythe
              (10 damage)
             ... on level 3 of the Dungeon on Jan 8, 2019.
             The game lasted 00:10:35 (3519 turns).

Tr0llz0r the Chopper (Demonspawn Gladiator)         Turns: 3519, Time: 00:10:35

Health: -4/33      AC:  5    Str: 20 (22) XL:     4   Next: 74%
Magic:  0/4        EV: 13    Int:  7 (10) God:
Gold:   95         SH:  0    Dex: 12 (14) Spells: 3/3 levels left

rFire    . . .     SeeInvis .   a - +0 war axe
rCold    . . .     Gourm    .   (no shield)
rNeg     . . .     Faith    .   b - +0 leather armour
rPois    .         Spirit   +   c - +0 helmet
rElec    .         Reflect  .   (no cloak)
rCorr    .         Harm     .   (no gloves)
MR       .....                  (no boots)
Stlth    +.........             (no amulet)
HPRegen  0.11/turn              j - +5 ring of strength
MPRegen  0.09/turn              (no ring)

@: no status effects
A: claws 1, rugged brown scales 1, deterioration 1, strong 1, magic shield
a: no special abilities


You were on level 3 of the Dungeon.
You were not hungry.

You visited 1 branch of the dungeon, and saw 3 of its levels.

You collected 95 gold pieces.

Inventory:

Hand Weapons
 a - a +0 war axe (weapon)
Missiles
 d - a throwing net (quivered)
 e - 114 stones
 f - 7 curare-tipped needles
 h - 84 arrows
 i - 6 tomahawks
Armour
 b - a +0 leather armour (worn)
 c - a +0 helmet (worn)
Jewellery
 j - a +5 ring of strength (left claw)
Scrolls
 g - 3 scrolls of identify
 m - a scroll of remove curse
 o - a scroll of teleportation
 q - a scroll of amnesia
Potions
 k - a potion of lignification {unknown}
 n - a potion of ambrosia
Comestibles
 l - 3 rations


   Skills:
 + Level 2.2 Fighting
 + Level 3.9 Axes
 + Level 2.0 Throwing
 + Level 1.5 Armour
 + Level 3.2 Dodging
 + Level 0.3 Stealth


You had 3 spell levels left.
You didn't know any spells.
Your spell library was empty.

Dungeon Overview and Level Annotations

Branches:
Dungeon (3/15)

Altars:
Hepliaklqana
Qazlal

Annotations:
D:3 Sigmund


Innate Abilities, Weirdness & Mutations

You have sharp fingernails.
You are partially covered in rugged brown scales. (AC +1, +3% HP)
When hurt, damage is shared between your health and your magic reserves.
Your body sometimes deteriorates upon taking damage.
Your muscles are strong. (Str +2)


Message History

Sigmund gestures at you while chanting. You resist with some effort.
You hit Sigmund.
Sigmund is lightly wounded.
Sigmund closely misses you.
You closely miss Sigmund.
Sigmund is lightly wounded.
Sigmund casts a spell at you. The magic dart hits you!
You closely miss Sigmund.
Sigmund is lightly wounded.
Sigmund hits you with a scythe!
* * * LOW HITPOINT WARNING * * *
You closely miss Sigmund.
Sigmund is lightly wounded.
Sigmund misses you.
You hit Sigmund.
Sigmund is moderately wounded.
Sigmund hits you with a scythe!
You die...

#############
##.....#.....##
##.............##
#...............#
#...............#
#....<..........#
#...............#
#.........).....#
##......@......###
##.....@........#
######.#.....#..#
#.##.......#
........##...
.......### #..
......... .
........#
........#


You could see Sigmund.

Vanquished Creatures
  Terence (D:3)
  2 adders
  An ooze (D:3)
  A worm (D:2)
  2 dart slugs (D:2)
  A leopard gecko (D:1)
  2 ball pythons (D:1)
  4 giant cockroaches (D:1)
  6 goblins
  6 hobgoblins
  4 jackals
  2 quokkas (D:2)
  6 bats (D:1)
  7 frilled lizards
  9 kobolds
  8 rats
  7 bushes (D:1)
  3 plants (D:1)
72 creatures vanquished.

Notes
Turn   | Place    | Note
-------+----------+-------------------------------------------
     0 | D:1      | Tr0llz0r the Demonspawn Gladiator began the quest for the
                  | Orb.
     0 | D:1      | Reached XP level 1. HP: 16/16 MP: 1/1
  1067 | D:1      | Gained mutation: You have sharp fingernails. [demonic
                  | ancestry]
  1067 | D:1      | Reached XP level 2. HP: 16/22 MP: 2/2
  1440 | D:1      | Gained mutation: When hurt, damage is shared between your
                  | health and your magic reserves. [demonic ancestry]
  1440 | D:1      | Reached XP level 3. HP: 16/27 MP: 3/3
  1956 | D:2      | Noticed an air elemental
  1958 | D:2      | Found a stormy altar of Qazlal.
  1961 | D:2      | Noticed an earth elemental
  1975 | D:2      | Noticed a water elemental
  1975 | D:2      | Noticed a fire elemental
  2066 | D:2      | Gained mutation: Your body sometimes deteriorates upon
                  | taking damage. [potion of mutation]
  2066 | D:2      | Gained mutation: Your muscles are strong. (Str +2) [potion
                  | of mutation]
  2278 | D:2      | Reached skill level 1 in Armour
  2432 | D:2      | Gained mutation: You are partially covered in rugged brown
                  | scales. (AC +1, +3% HP) [demonic ancestry]
  2432 | D:2      | Reached XP level 4. HP: 27/33 MP: 4/4
  2697 | D:2      | Found a hazy altar of Hepliaklqana.
  2851 | D:3      | Noticed Terence
  2865 | D:3      | Killed Terence
  3504 | D:3      | Noticed Sigmund
  3519 | D:3      | Slain by Sigmund

Skill      XL: |  1  2  3 |
---------------+----------+-----
Dodging        | 3 |  3.2
Axes           | 3 |  3.9
Throwing       | 2 |  2.0
Armour         | 1 |  1.5
Fighting       | |  2.2
Stealth        | |  0.3

Action                   |  1- 3 |  4- 6 || total
-------------------------+-------+-------++-------
Melee: War axe           |   576 |    44 ||   620
Throw: Throwing net      |     3 |       ||     3
  Use: Scroll            |     6 |     1 ||     7
       Potion            |     4 |     3 ||     7
 Stab: Sleeping          |     1 |       ||     1
  Eat: Ration            |     2 |     1 ||     3
       Chunk             |     1 |       ||     1
Armor: Leather armour    |    81 |     9 ||    90
Dodge: Dodged            |   159 |    39 ||   198
